Kradschützen Motorcycle Team
Selects Italian Combined Arms Battlegroup
Selects Italian Combined Arms Battlegroup
Selects Italian Combined Arms Battlegroup
Construct Light Support Kompanie
Panzerjäger Mechanized Group
Selects Semovente da 75/18 Assault Gun
Panzerjäger Mechanized Group
Construct Mechanized Kompanie
Marder III Tank Destroyer
Selects Bersaglieri Squad
Selects Vehicle Support - Secure Location
Selects Vehicle Support - Force Recon
254 Reconnaissance Tractor
254 Reconnaissance Tractor
Marder III Tank Destroyer
254 Reconnaissance Tractor
254 Reconnaissance Tractor